 Dungeon Crawl Stone Soup version 0.29.1-2-gbd0b4ee654 (webtiles) character file.

Game seed: 5587769523561220552

326 safid the Shooter (level 6, -9/57 HPs)
             Began as a Minotaur Hunter on Oct 28, 2022.
             Mangled by a wyvern (15 damage)
             ... on level 4 of the Dungeon.
             The game lasted 00:04:21 (3246 turns).

safid the Shooter (Minotaur Hunter)                 Turns: 3246, Time: 00:04:21

Health: -9/57      AC:  7    Str: 15    XL:     6   Next: 24%
Magic:  5/5        EV: 10    Int:  6    God:
Gold:   232        SH:  0    Dex: 16    Spells: 5/5 levels left

rFire   . . .      SeeInvis .   a - +0 shortbow
rCold   + . .      Faith    .   (shield currently unavailable)
rNeg    . . .      Spirit   .   o - +0 scale mail
rPois   .          Reflect  .   (helmet restricted)
rElec   .          Harm     .   m - +0 cloak
rCorr   .          Rampage  .   (no gloves)
Will    +....                   (no boots)
Stlth   ..........              q - amulet of the acrobat
HPRegen 0.19/turn               b - ring of willpower
MPRegen 0.09/turn               r - ring of protection from cold

@: brilliant
A: horns 2, retaliatory headbutt
a: no special abilities


You were on level 4 of the Dungeon.
You visited 1 branch of the dungeon, and saw 4 of its levels.

You collected 232 gold pieces.

Inventory:

Hand Weapons
 a - a +0 shortbow (weapon)
Missiles
 j - a throwing net
Armour
 m - a +0 cloak (worn)
 o - a +0 scale mail (worn)
Jewellery
 b - a ring of willpower (left hand)
 q - an amulet of the acrobat (around neck)
 r - a ring of protection from cold (right hand)
Scrolls
 c - a scroll of enchant weapon {unknown}
 d - 6 scrolls of identify {unknown}
 g - a scroll of brand weapon {unknown}
 h - 3 scrolls of teleportation {unknown}
 n - a scroll of enchant armour {unknown}
 p - a scroll of vulnerability {unknown}
 s - a scroll of blinking {unknown}
Potions
 e - a potion of degeneration {unknown}
 f - a potion of curing {unknown}
 i - 4 potions of lignification {unknown}
 k - a potion of brilliance
 l - 2 potions of flight {unknown}


   Skills:
 + Level 5.9 Fighting
 + Level 6.6 Ranged Weapons
 - Level 2.1 Dodging
 - Level 0.7 Stealth


You had 5 spell levels left.
You didn't know any spells.
Your spell library contained the following spells:

 Spells                   Type           Power      Damage    Failure   Level
 Ensorcelled Hibernation  Hex/Ice        0%         N/A       97%         2
 Passwall                 Tmut/Erth      0%         N/A       97%         2
 Poisonous Vapours        Pois/Air       0%         N/A       97%         2
 Swiftness                Air            0%         N/A       99%         3
 Corpse Rot               Necr/Pois/Air  0%         N/A       100%        4
 Summon Ice Beast         Ice/Summ       0%         N/A       100%        4
 Summon Mana Viper        Hex/Summ       0%         N/A       100%        5
 Monstrous Menagerie      Summ           0%         N/A       100%        7


Dungeon Overview and Level Annotations

Branches:
Dungeon (4/15)
 Temple: D:4-7

Altars:
Qazlal
Trog
Yredelemnul


Innate Abilities, Weirdness & Mutations

You have a pair of horns on your head.
You reflexively headbutt those who attack you in melee.


Message History

The wyvern is moderately wounded.
The wyvern bites you but does no damage.
The wyvern bites you!
The endoplasm hits you but does no damage.
You are too injured to fight recklessly!
You are too injured to fight recklessly!
You are too injured to fight recklessly!
Unknown command.
Fire: a) +0 shortbow
Press: ? - help, Q - select action, (/) - cycle Shift-Dir - straight line, f/p - wyvern
Aim: a wyvern (moderately wounded, 65% to hit)
You shoot an arrow. The arrow barely misses the wyvern.
The wyvern closely misses you. You furiously retaliate!
You headbutt the wyvern.
The wyvern bites you but does no damage.
The endoplasm hits you but does no damage.
The wyvern bites you.
Fire: a) +0 shortbow
Press: ? - help, Q - select action, (/) - cycle Shift-Dir - straight line, f/p - wyvern
Aim: a wyvern (moderately wounded, 65% to hit)
You shoot an arrow. The arrow barely misses the wyvern.
The endoplasm hits you. The wyvern barely misses you.
The wyvern bites you but does no damage.
The endoplasm closely misses you. You furiously retaliate!
You headbutt the endoplasm!
You kill the endoplasm!
Fire: a) +0 shortbow
Press: ? - help, Q - select action, (/) - cycle Shift-Dir - straight line, f/p - wyvern
Aim: a wyvern (moderately wounded, 65% to hit)
You shoot an arrow. The arrow closely misses the wyvern.
The wyvern closely misses you. You furiously retaliate!
You headbutt the wyvern.
The wyvern hisses menacingly.
The wyvern bites you!
* * * LOW HITPOINT WARNING * * *
Unknown command.
It was a potion of brilliance.
You feel clever all of a sudden. The wyvern bites you!
You die...

## ... . ..# .# #..#
..# #... #..##
#..#### ....##
##....... .....##
##@l# ......## ##..##
.......## ##...#
...).#..## ##..+.#
.....##..###..#+####
.....###..#.........#
.....# ##...........#
.....# ##..........#
.....# #..........#


You could see a wyvern.

Vanquished Creatures
  A black bear (D:4)
  An iguana (D:4)
  An orc wizard (D:3)
  7 gnolls
  2 adders
  2 worms
  4 dart slugs
  3 orcs (D:3)
  6 bats
  5 endoplasms
  3 giant cockroaches
  8 goblins
  9 hobgoblins
  5 jackals
  5 quokkas
  7 ball pythons
  5 frilled lizards
  7 kobolds
  3 rats
84 creatures vanquished.

Vanquished Creatures (others)
  3 withered plants (D:3)
3 creatures vanquished.

Grand Total: 87 creatures vanquished

Notes
Turn   | Place    | Note
-------+----------+-------------------------------------------
     0 | D:1      | safid the Minotaur Hunter began the quest for the Orb.
     0 | D:1      | Reached XP level 1. HP: 18/18 MP: 0/0
   247 | D:1      | Reached XP level 2. HP: 26/26 MP: 1/1
   727 | D:1      | Reached skill level 5 in Ranged Weapons
   727 | D:1      | Reached XP level 3. HP: 31/31 MP: 2/2
  1401 | D:2      | Found a stormy altar of Qazlal.
  1619 | D:2      | Reached XP level 4. HP: 40/40 MP: 3/3
  2101 | D:3      | Found a bloodstained altar of Trog.
  2103 | D:3      | Reached XP level 5. HP: 47/47 MP: 4/4
  2155 | D:3      | Found a basalt altar of Yredelemnul.
  2178 | D:3      | Reached skill level 5 in Fighting
  2178 | D:3      | Reached skill level 6 in Ranged Weapons
  3002 | D:4      | Noticed a black bear
  3013 | D:4      | Killed a black bear
  3014 | D:4      | Reached XP level 6. HP: 26/57 MP: 5/5
  3237 | D:4      | Noticed a wyvern
  3246 | D:4      | Mangled by a wyvern

Illustrated notes

Levels and vault maps discovered:
D:1:      matt_arrival_los_fun, layout_loops_corners,
          nicolae_kite_square_tiling_tiny, chequers_hall_statues_y
D:2:      layout_loops_cross, basic_altar
D:3:      layout_basic, yredelemnul_altar_generic, trog_hazing_becter
D:4:      layout_basic, dreamdust_divine_triumvirate, overflow_temple_1_default

Skill      XL: |  1  2  3  4  5 |
---------------+----------------+-----
Fighting       | 3 4 5 |  5.9
Ranged Weapons | 5 6 |  6.6
Dodging        | |  2.1
Stealth        | |  0.7

Action                   |  1- 3 |  4- 6 || total
-------------------------+-------+-------++-------
Melee: Shortbow          |       |     1 ||     1
 Fire: Shortbow          |    85 |   155 ||   240
  Use: Potion            |       |     1 ||     1
Armor: Leather armour    |     7 |     9 ||    16
       Scale mail        |       |    31 ||    31
Dodge: Dodged            |    27 |    47 ||    74
